 Dungeon Crawl Stone Soup version 0.23.2-33-g5129a83184 (webtiles) character file.

Game seed: 11193524291617968794

121413 manyhoops the Thaumaturge (level 16, -2/111 HPs)
             Began as a Gnoll Wanderer on June 30, 2019.
             Was the Champion of Hepliaklqana.
             Killed from afar by Louise (26 damage)
             ... with a bolt of lightning
             ... on level 3 of the Swamp on July 2, 2019.
             The game lasted 01:21:41 (29476 turns).

manyhoops the Thaumaturge (Gnoll Wanderer)         Turns: 29476, Time: 01:21:41

Health: -2/111     AC: 31    Str: 28    XL:     16   Next: 84%
Magic:  7/41       EV: 16    Int: 21    God:    Hepliaklqana [******]
Gold:   2094       SH:  9    Dex: 18    Spells: 17/40 levels left

rFire    + . .     SeeInvis .   R - +11 falchion "Didwewk" {speed, MR+}
rCold    . . .     Gourm    .   K - +2 buckler
rNeg     . . .     Faith    +   I - +8 chain mail of Midnight {*Contam MP+9 Str+8 Dex-5}
rPois    .         Spirit   .   M - +2 hat
rElec    .         Reflect  .   D - +2 cloak {+Inv}
rCorr    .         Harm     .   P - +2 pair of gloves
MR       +++..                  e - +1 pair of boots
Stlth    ++........             t - amulet "Dusolyv" {Faith rF+ MR+ Str+3}
HPRegen  0.28/turn              N - +4 ring of intelligence
MPRegen  0.27/turn              c - +6 ring of dexterity

@: very slightly contaminated
A: distributed training, reduced essence, antennae 1, fangs 1, clumsy 1, strong
1, strong nose
a: Recall Ancestor, Ancestor Identity, Transference, Idealise, Renounce
Religion, Evoke Invisibility


You were on level 3 of the Swamp.
You worshipped Hepliaklqana.
Hepliaklqana was exalted by your worship.
You were very hungry.

You visited 8 branches of the dungeon, and saw 30 of its levels.
You also visited: Ice Cave.

You collected 3256 gold pieces.
You spent 1162 gold pieces at shops.

Inventory:

Hand Weapons
 p - a +1 shortbow of flaming
 R - the +11 falchion "Didwewk" (weapon) {speed, MR+}
   (You bought it in a shop on level 14 of the Dungeon)

   Attacks with this weapon are significantly faster.
   It affects your resistance to hostile enchantments.
 W - the cursed +0 dagger "Xabbighe" {speed, rPois rF+ rC++ Dex-2}
   (You bought it in a shop on level 2 of the Orcish Mines)

   Attacks with this weapon are significantly faster.
   It affects your dexterity (-2).
   It protects you from fire.
   It greatly protects you from cold.
   It protects you from poison.
   It has a curse placed upon it.
Missiles
 x - 197 arrows
Armour
 e - a +1 pair of boots (worn)
 D - a +2 cloak of invisibility (worn)
 I - the +8 chain mail of Midnight (worn) {*Contam MP+9 Str+8 Dex-5}
   (You found it on level 7 of the Dungeon)

   It affects your strength (+8).
   It affects your dexterity (-5).
   It affects your magic capacity (+9).
   It causes magical contamination when unequipped.
 K - a +2 buckler (worn)
 M - a +2 hat (worn)
 P - a +2 pair of gloves (worn)
Magical Staves
 s - an uncursed staff of energy
Jewellery
 c - a +6 ring of dexterity (right hand)
 h - an uncursed ring of protection from fire
 n - an uncursed ring of see invisible
 t - the amulet "Dusolyv" (around neck) {Faith rF+ MR+ Str+3}
   (You bought it in a shop on level 14 of the Dungeon)

   [amulet of faith]

   It allows you to gain divine favour quickly.
   It affects your strength (+3).
   It protects you from fire.
   It affects your resistance to hostile enchantments.
 N - a +4 ring of intelligence (left hand)
 Q - an uncursed ring of ice
 S - a +4 amulet of reflection
 Z - an uncursed ring of protection from cold
Wands
 o - a wand of iceblast (12)
 B - a wand of enslavement (5)
 C - a wand of flame (89)
 E - a wand of clouds (17)
 O - a wand of digging (16)
 U - a wand of scattershot (3)
 V - a wand of acid (2)
Scrolls
 a - 2 scrolls of enchant armour
 d - 9 scrolls of fog
 l - 4 scrolls of enchant weapon
 m - 2 scrolls of fear
 q - 8 scrolls of magic mapping
 r - 2 scrolls of holy word
 u - a scroll of vulnerability
 v - 4 scrolls of teleportation
 J - 10 scrolls of remove curse
 X - a scroll of blinking
 Y - 2 scrolls of immolation
Potions
 b - 2 potions of resistance
 g - 3 potions of heal wounds
 j - 2 potions of berserk rage
 k - a potion of haste
 w - 5 potions of agility
 z - 8 potions of curing
 A - 2 potions of flight
 F - 3 potions of might
 G - 3 potions of invisibility
 L - a potion of ambrosia
Miscellaneous
 i - a phial of floods
 T - a lightning rod (4/4)
Comestibles
 f - 39 rations


   Skills:
 + Level 10.9 Fighting
 + Level 10.9 Short Blades
 + Level 10.9 Long Blades
 + Level 10.9 Axes
 + Level 10.9 Maces & Flails
 + Level 10.9 Polearms
 + Level 10.9 Staves
 + Level 10.9 Slings
 + Level 10.9 Bows
 + Level 10.9 Crossbows
 + Level 10.9 Throwing
 + Level 10.9 Armour
 + Level 10.9 Dodging
 + Level 11.1 Stealth
 + Level 11.2 Shields
 + Level 10.9 Unarmed Combat
 + Level 12.7 Spellcasting
 + Level 9.3 Conjurations
 + Level 9.3 Hexes
 + Level 9.3 Charms
 + Level 11.5 Summonings
 + Level 9.3 Necromancy
 + Level 9.3 Translocations
 + Level 9.3 Transmutations
 + Level 9.3 Fire Magic
 + Level 9.3 Ice Magic
 + Level 9.3 Air Magic
 + Level 9.3 Earth Magic
 + Level 9.5 Poison Magic
 + Level 11.8 Invocations
 + Level 10.9 Evocations


You had 17 spell levels left.
You knew the following spells:

 Your Spells              Type           Power        Failure   Level  Hunger
b - Poisonous Vapours     Pois/Air       ######       1%          2    None
c - Conjure Flame         Conj/Fire      ######..     1%          3    None
d - Blink                 Tloc           N/A          1%          2    None
e - Summon Ice Beast      Ice/Summ       ######..     2%          4    None
f - Mephitic Cloud        Conj/Pois/Air  ######..     1%          3    None
g - Swiftness             Chrm/Air       ######..     1%          2    None
i - Inner Flame           Hex/Fire       ######..     1%          3    None
j - Sticky Flame          Conj/Fire      ######..     4%          4    None

Your spell library contained the following spells:

 Spells                   Type           Power        Failure   Level  Hunger
 Animate Skeleton         Necr           N/A          1%          1    None
 Apportation              Tloc           ######       1%          1    None
 Confusing Touch          Hex            ######       1%          1    None
 Flame Tongue             Conj/Fire      #####        1%          1    None
 Magic Dart               Conj           ####         1%          1    None
 Shock                    Conj/Air       ####         1%          1    None
 Sting                    Conj/Pois      ####         1%          1    None
 Summon Small Mammal      Summ           ####         1%          1    None
 Call Imp                 Summ           ######..     1%          2    None
 Searing Ray              Conj           ######       1%          2    None
 Slow                     Hex            ######..     1%          2    None
 Throw Flame              Conj/Fire      ######       1%          2    None
 Call Canine Familiar     Summ           ######..     1%          3    None
 Dazzling Spray           Conj/Hex       ######       1%          3    None
 Static Discharge         Conj/Air       ######..     1%          3    None
 Summon Guardian Golem    Hex/Summ       ######..     1%          3    None
 Summon Lightning Spire   Summ/Air       ######..     2%          4    None
 Olgreb's Toxic Radiance  Pois           ######..     3%          4    None
 Airstrike                Air            ######....   4%          4    None
 Cause Fear               Hex            ######....   4%          4    None
 Force Lance              Conj/Tloc      ######..     4%          4    None
 Fulminant Prism          Conj/Hex       ######....   4%          4    None
 Iskenderun's Mystic Bla  Conj           ######..     4%          4    None
 Bolt of Magma            Conj/Fire/Erth ######....   12%         5    ####...
 Fireball                 Conj/Fire      ######....   12%         5    ####...
 Irradiate                Conj/Tmut      ######....   12%         5    ####...
 Iskenderun's Battlesphe  Conj/Chrm      ######..     12%         5    ####...
 Lightning Bolt           Conj/Air       ######....   12%         5    ####...
 Silence                  Hex/Air        ######....   12%         5    ####...
 Venom Bolt               Conj/Pois      ######....   12%         5    ####...
 Yara's Violent Unravell  Hex/Tmut       ######....   12%         5    ####...
 Deflect Missiles         Chrm/Air       ######....   54%         6    #####..
 Freezing Cloud           Conj/Ice/Air   ######....   54%         6    #####..
 Hydra Form               Tmut           ######....   54%         6    #####..
 Iron Shot                Conj/Erth      ######....   54%         6    #####..
 Statue Form              Tmut/Erth      ######...    54%         6    #####..
 Spellforged Servitor     Conj/Summ      ######....   93%         7    #######
 Dragon Form              Tmut           ######....   98%         7    #######
 Orb of Destruction       Conj           ######....   98%         7    #######
 Ring of Flames           Chrm/Fire      ######....   98%         7    #######
 Discord                  Hex            ######....   100%        8    #######


Dungeon Overview and Level Annotations

Branches:
Dungeon (15/15)            Temple (1/1) D:4            Lair (6/6) D:10
  Swamp (3/4) Lair:2       Spider (1/4) Lair:3        Slime (1/5) Lair:5
    Orc (2/2) D:11            Elf (0/3) Orc:2        Vaults (0/5) D:14
 Depths (1/5) D:15

Altars:
Cheibriados
Elyvilon
Gozag
Hepliaklqana
Kikubaaqudgha
Nemelex Xobeh
Okawaru
Qazlal
Ru
Sif Muna
Trog
Yredelemnul
Zin
The Shining One
Beogh

Shops:
D:7 %   D:14 ?*   D:15 !   Orc:2 *([[

Annotations:
Lair:5 2 transporters, Feisk's ghost, journeyman MiBe
Swamp:3 Louise
Orc:1 3 runed translucent doors, Sassenached's ghost, journeyman DsWn; Sveporus's ghost, journeyman MiMo


Innate Abilities, Weirdness & Mutations

Your experience applies equally to all skills.
You have very sharp teeth.
Your uncanny sense of smell can sniff out nearby items.
Your life essence is reduced to manifest your ancestor. (-10% HP)
You have a pair of small antennae on your head.
You are clumsy. (Dex -2)
Your muscles are strong. (Str +2)


Message History

Confirm with . or Enter, or press ? or * to list all spells.
A chill wind blows around you.
Casting: Summon Ice Beast (safe; 2% risk of failure)
Confirm with . or Enter, or press ? or * to list all spells.
A chill wind blows around you.
Unknown command.
What are your orders? t - Bark!
Orders for allies: a - Attack new target. r - Retreat! s - Stop attacking. g - Guard the area. f - Follow me.
Anything else - Cancel.
Gang up on whom?
Press: ? - help, Dir - move target cursor, f - Louise
Aim: Louise, wielding a +3 vampiric trident, wearing a +0 plate armour and wearing a +0 large shield Attack!
Louise points at you and mumbles some strange words.
The bolt of lightning hits your ice beast!!
The bolt of lightning hits you!!
You die...

♣....≈≈.≈≈≈♣♣ ♣≈§....♣
♣≈.R≈ ≈ ♣.≈≈≈≈≈≈≈≈.♣
♣♣♣♣♣♣♣≈ ♣♣♣♣.
≈≈≈♣♣.≈§≈.≈≈≈≈≈♣♣
♣♣♣♣♣♣♣♣≈.
≈≈≈≈..≈≈≈≈≈≈≈≈§.♣
♣...♣≈.≈≈≈ ♣.§≈≈≈R≈≈.♣
♣♣≈≈....≈≈≈ ♣§.≈@§≈≈≈.♣
♣♣♣♣§≈≈.....≈≈ ♣♣.....≈Y.♣
♣♣...♣≈.≈.....♣
♣≈..≈≈..≈♣♣♣≈≈≈≈.♣♣♣♣..♣♣♣
♣≈.≈♣♣≈.Y@..≈≈≈≈......♣♣♣♣
♣♣♣♣♣♣♣.≈..≈.≈§≈....≈♣♣ ♣≈
♣♣♣♣♣♣♣♣♣≈≈Y.....♣♣♣♣♣ ♣♣
♣≈≈≈≈≈♣♣♣.≈...≈..≈♣ ♣≈
♣♣≈≈≈≈≈≈♣♣≈...≈≈.≈♣♣ ♣.
♣≈≈....≈...≈..≈≈≈♣♣ ♣♣†
♣≈≈♣≈♣♣♣.≈♣§♣.≈≈.♣♣♣♣♣♣♣♣.≈
♣ ♣♣♣ ♣♣♣♣♣♣.§§....[...♣≈≈
♣≈.)♣.≈≈≈≈≈≈♣.≈


You could see the friendly Ahhotep the battlemage, Louise and 3 friendly ice
beasts.

Vanquished Creatures
  Gastronok (D:8)
  A frost giant (IceCv)
  4 dire elephants (Lair:6)
  6 vault guards (D:14)
  8 hydras
  A ghost crab (Swamp:1)
  An anaconda (Lair:6)
  3 ogre magi (Orc:2)
  6 two-headed ogres (Orc:2)
  9 death yaks
  2 centaur warriors
  A vampire mage (D:15)
  4 alligators
  A tengu warrior (D:15)
  Sonja (Lair:4)
  A titan skeleton (D:15)
  2 skeletal warriors (D:14)
  A spriggan druid (Swamp:2)
  A swamp dragon (Swamp:3)
  A golden dragon skeleton (D:15)
  An orc sorcerer (Orc:2)
  8 ugly things
  A wolf spider (Lair:3)
  2 necromancers
  3 manticores
  4 deep elf magi
  A cyclops (D:14)
  2 elephants (Lair:6)
  3 black mambas
  2 gargoyles
  A centaur zombie (D:14)
  An ice statue (IceCv)
  10 spiny frogs
  2 freezing wraiths (D:14)
  A rime drake (IceCv)
  4 komodo dragons
  A troll (D:12)
  A guardian mummy (D:15)
  A queen bee (D:6)
  9 polar bears (IceCv)
  6 tyrant leeches
  6 slime creatures
  A hornet (Swamp:3)
  2 bog bodies (Swamp:1)
  4 blink frogs
  A deep troll zombie (D:15)
  8 hippogriffs
  3 shadows
  A wraith (D:14)
  2 hogs (Lair:6)
  27 yaks
  A basilisk (Lair:3)
  2 wyverns
  A hungry ghost (D:9)
  8 vampire mosquitoes
  5 swamp worms
  3 insubstantial wisps
  6 water moccasins
  2 porcupines (Lair:4)
  2 sky beasts
  3 ice beasts
  8 orc warriors
  20 ogres
  A phantom (D:12)
  13 wolves
  2 eyes of draining
  A necrophage (D:11)
  A crocodile (Lair:5)
  12 centaurs
  A big kobold (D:8)
  2 battlemagi
  15 bullfrogs
  A wyvern skeleton (D:11)
  12 killer bees
  3 scorpions
  6 wights
  5 howler monkeys
  An electric eel (D:11)
  2 crimson imps (D:8)
  A quasit (D:6)
  A bullfrog zombie (D:11)
  4 centaur skeletons
  3 jellies
  Crazy Yiuf (D:5)
  2 bullfrog skeletons
  17 orc priests
  6 hounds
  11 orc wizards
  Natasha (twice) (D:3)
  5 iguanas
  10 worker ants
  2 hound skeletons
  2 worker ant zombies
  A howler monkey skeleton (D:10)
  7 adders
  3 shadow imps
  2 worms
  4 dart slugs
  5 leopard geckos
  56 orcs
  7 giant cockroaches
  13 goblins
  10 hobgoblins
  8 jackals
  3 quokkas
  4 ball pythons
  7 bats
  5 frilled lizards
  A jackal zombie (D:7)
  6 kobolds
  A quokka skeleton (D:9)
  8 rats
  2 plants (Lair:6)
  A withered plant (D:15)
534 creatures vanquished.

Vanquished Creatures (collateral kills)
  Kirke (Lair:6)
  A thorn hunter (Swamp:2)
  Aizul (Swamp:2)
  A dire elephant (Lair:6)
  Fannar (D:10)
  Harold (D:9)
  2 vault guards (D:14)
  4 hydras
  A shambling mangrove (Swamp:3)
  A centaur warrior (D:14)
  Erica (D:8)
  A death knight (D:14)
  2 alligators
  9 two-headed ogres
  An ogre mage (Orc:2)
  5 spriggans
  A skeletal warrior (D:15)
  An unseen horror (D:11)
  2 swamp dragons
  An orc knight (D:15)
  A wolf spider (Lair:3)
  3 ugly things
  A centaur zombie (D:14)
  A cyclops (D:15)
  A stone giant zombie (D:15)
  2 elephants (Lair:6)
  Maurice (Orc:2)
  A rime drake (Lair:5)
  6 spiny frogs
  A freezing wraith (D:14)
  2 komodo dragons
  The ghost of psyvane the Zephyrmancer, a novice TeAE (D:6)
  A jumping spider (Lair:3)
  5 trolls
  2 tyrant leeches
  6 hornets
  5 polar bears (IceCv)
  4 slime creatures
  3 bog bodies
  4 blink frogs
  3 hippogriffs
  A wraith (D:11)
  20 yaks
  2 hogs (Lair:6)
  3 vampire mosquitoes (Swamp:1)
  Grum (D:8)
  A warg (Orc:1)
  A soldier ant (D:13)
  8 insubstantial wisps
  4 swamp worms
  2 acid dragons
  4 water moccasins
  3 swamp drakes
  7 orc warriors
  A hornet zombie (D:7)
  A sky beast (D:15)
  2 necrophages
  3 phantoms
  2 ice beasts
  5 ogres (Orc:2)
  12 wolves
  3 centaurs
  5 crocodiles
  4 bullfrogs
  A big kobold (D:10)
  A wyvern zombie (D:10)
  A wyvern skeleton (D:14)
  A killer bee (D:6)
  6 wights
  4 electric eels
  2 howler monkeys
  A quasit (D:10)
  2 crimson imps
  2 jellies
  A hound (D:10)
  9 orc wizards
  4 centaur skeletons
  5 orc priests
  2 bullfrog skeletons (D:9)
  An iguana (D:13)
  An adder (D:8)
  2 shadow imps
  A worm (D:2)
  A leopard gecko (D:5)
  29 orcs
  A hobgoblin (D:3)
  4 jackals
  A frilled lizard (D:5)
  7 kobolds
  A leopard gecko zombie (D:8)
  A fungus (Lair:6)
  A plant (Lair:6)
280 creatures vanquished.

Vanquished Creatures (others)
  2 polar bears (IceCv)
  A yak (IceCv)
  A human (Lair:6)
  A wolf (IceCv)
  20 battlemagi
  5 ancestors
  A quokka (D:11)
  3 fungi (Lair:6)
  5 plants
  A withered plant (D:15)
40 creatures vanquished.

Grand Total: 854 creatures vanquished

Notes
Turn   | Place    | Note
-------+----------+-------------------------------------------
     0 | D:1      | manyhoops the Gnoll Wanderer began the quest for the Orb.
     0 | D:1      | manyhoops set off with the following items: a +0 dagger, a
                  | +0 robe, a ration; and the following spells available to
                  | memorise: Summon Small Mammal, Call Imp, Call Canine
                  | Familiar, Magic Dart, Poisonous Vapours, Blink, Slow,
                  | Swiftness, Mephitic Cloud, Conjure Flame
     0 | D:1      | Reached XP level 1. HP: 13/13 MP: 8/8
     2 | D:1      | Learned a level 1 spell: Magic Dart
     4 | D:1      | Learned a level 1 spell: Summon Small Mammal
   122 | D:1      | Reached XP level 2. HP: 19/19 MP: 0/10
   805 | D:2      | Found a deep blue altar of Sif Muna.
   985 | D:2      | Reached XP level 3. HP: 17/25 MP: 2/11
   989 | D:2      | Learned a level 2 spell: Poisonous Vapours
  1741 | D:1      | Reached skill level 1 in Invocations
  1944 | D:1      | Learned a level 2 spell: Blink
  1948 | D:1      | Learned a level 3 spell: Conjure Flame
  1952 | D:1      | Learned a level 3 spell: Mephitic Cloud
  1955 | D:1      | Learned a level 2 spell: Swiftness
  2101 | D:1      | Reached skill level 1 in Fighting
  2101 | D:1      | Reached skill level 1 in Short Blades
  2101 | D:1      | Reached skill level 1 in Long Blades
  2101 | D:1      | Reached skill level 1 in Axes
  2101 | D:1      | Reached skill level 1 in Maces & Flails
  2101 | D:1      | Reached skill level 1 in Polearms
  2101 | D:1      | Reached skill level 1 in Staves
  2101 | D:1      | Reached skill level 1 in Slings
  2101 | D:1      | Reached skill level 1 in Bows
  2101 | D:1      | Reached skill level 1 in Crossbows
  2101 | D:1      | Reached skill level 1 in Throwing
  2101 | D:1      | Reached skill level 1 in Armour
  2101 | D:1      | Reached skill level 1 in Dodging
  2101 | D:1      | Reached skill level 1 in Unarmed Combat
  2101 | D:1      | Reached skill level 1 in Evocations
  2314 | D:1      | Reached XP level 4. HP: 32/32 MP: 4/13
  2320 | D:1      | Learned a level 3 spell: Call Canine Familiar
  3128 | D:3      | Reached skill level 1 in Conjurations
  3128 | D:3      | Reached skill level 1 in Hexes
  3128 | D:3      | Reached skill level 1 in Charms
  3128 | D:3      | Reached skill level 1 in Necromancy
  3128 | D:3      | Reached skill level 1 in Translocations
  3128 | D:3      | Reached skill level 1 in Transmutations
  3128 | D:3      | Reached skill level 1 in Fire Magic
  3128 | D:3      | Reached skill level 1 in Ice Magic
  3128 | D:3      | Reached skill level 1 in Air Magic
  3128 | D:3      | Reached skill level 1 in Earth Magic
  3176 | D:3      | Reached XP level 5. HP: 27/37 MP: 4/14
  3578 | D:3      | Found an ancient bone altar of Kikubaaqudgha.
  3657 | D:3      | Noticed Natasha
  3670 | D:3      | Killed Natasha
  3796 | D:3      | Noticed Natasha
  3821 | D:3      | Killed Natasha
  3869 | D:3      | Reached XP level 6. HP: 40/44 MP: 8/16
  3881 | D:3      | Found a glowing silver altar of Zin.
  4263 | D:4      | Found a staircase to the Ecumenical Temple.
  4311 | Temple   | Entered the Ecumenical Temple
  4334 | Temple   | Became a worshipper of Hepliaklqana the Forgotten
  4675 | D:4      | Reached XP level 7. HP: 25/45 MP: 3/18
  4895 | D:5      | Entered Level 5 of the Dungeon
  5081 | D:5      | Found a transporter.
  5149 | D:5      | Found a transporter.
  5202 | D:5      | Reached * piety under Hepliaklqana
  5386 | D:5      | Found an iron altar of Okawaru.
  5519 | D:5      | Found a runed translucent door.
  5520 | D:5      | Noticed Crazy Yiuf
  5677 | D:5      | Killed Crazy Yiuf
  5924 | D:5      | Reached XP level 8. HP: 39/51 MP: 2/19
  6419 | D:6      | Noticed a queen bee
  6427 | D:6      | Noticed psyvane's ghost (novice TeAE)
  6550 | D:6      | Gained mutation: You can translocate small distances at
                  | will. [potion of mutation]
  6550 | D:6      | Gained mutation: You are partially covered in molten
                  | scales. (AC +2) [potion of mutation]
  6559 | D:6      | Reached skill level 8 in Spellcasting
  6746 | D:6      | Found a white marble altar of Elyvilon.
  6801 | D:6      | Found a basalt altar of Yredelemnul.
  6866 | D:6      | Found a transporter.
  6868 | D:6      | Found a transporter.
  6870 | D:6      | Noticed a hornet
  7405 | D:7      | Found a bloodstained altar of Trog.
  7549 | D:7      | Reached XP level 9. HP: 42/58 MP: 13/21
  7664 | D:7      | Got a fine chain mail
  7675 | D:7      | Identified the +8 chain mail of Midnight {*Contam MP+9
                  | Str+8 Dex-5} (You found it on level 7 of the Dungeon)
  7708 | D:7      | Reached ** piety under Hepliaklqana
  8318 | D:7      | Found Corref's Food Boutique.
  8378 | D:8      | Reached skill level 5 in Shields
  8431 | D:8      | Found a snail-covered altar of Cheibriados.
  8471 | D:8      | Noticed Erica
  8479 | D:8      | Killed Erica
  8479 | D:8      | Reached skill level 5 in Stealth
  8479 | D:8      | Reached skill level 5 in Invocations
  8522 | D:8      | Noticed Gastronok
  8542 | D:8      | Killed Gastronok
  8542 | D:8      | Reached skill level 5 in Fighting
  8542 | D:8      | Reached skill level 5 in Short Blades
  8542 | D:8      | Reached skill level 5 in Long Blades
  8542 | D:8      | Reached skill level 5 in Axes
  8542 | D:8      | Reached skill level 5 in Maces & Flails
  8542 | D:8      | Reached skill level 5 in Polearms
  8542 | D:8      | Reached skill level 5 in Staves
  8542 | D:8      | Reached skill level 5 in Slings
  8542 | D:8      | Reached skill level 5 in Bows
  8542 | D:8      | Reached skill level 5 in Crossbows
  8542 | D:8      | Reached skill level 5 in Throwing
  8542 | D:8      | Reached skill level 5 in Armour
  8542 | D:8      | Reached skill level 5 in Dodging
  8542 | D:8      | Reached skill level 5 in Unarmed Combat
  8542 | D:8      | Reached skill level 5 in Evocations
  8542 | D:8      | Reached XP level 10. HP: 41/66 MP: 22/22
  8574 | D:8      | Found a glowing golden altar of the Shining One.
  8698 | D:8      | Noticed Grum
  8706 | D:8      | Reached skill level 9 in Spellcasting
  8713 | D:8      | Killed Grum
  8876 | D:9      | Reached *** piety under Hepliaklqana
  8879 | D:9      | Noticed Harold
  8882 | D:9      | Reached skill level 5 in Poison Magic
  8939 | D:9      | Killed Harold
  8971 | D:9      | Reached XP level 11. HP: 68/72 MP: 18/24
  9363 | D:9      | Remembered your ancestor Ahhotep as a battlemage
  9441 | D:9      | Found a sparkling altar of Nemelex Xobeh.
  9607 | D:6      | Killed psyvane's ghost
  9610 | D:6      | Reached skill level 5 in Conjurations
  9610 | D:6      | Reached skill level 5 in Hexes
  9610 | D:6      | Reached skill level 5 in Charms
  9610 | D:6      | Reached skill level 5 in Necromancy
  9610 | D:6      | Reached skill level 5 in Translocations
  9610 | D:6      | Reached skill level 5 in Transmutations
  9610 | D:6      | Reached skill level 5 in Fire Magic
  9610 | D:6      | Reached skill level 5 in Ice Magic
  9610 | D:6      | Reached skill level 5 in Air Magic
  9610 | D:6      | Reached skill level 5 in Earth Magic
  9630 | D:6      | Got an encrusted rapier
  9673 | D:6      | Identified the +4 rapier "Qowkias" {protect, *Noise rPois
                  | Int+3 Dex+5} (You found it on level 6 of the Dungeon)
  9811 | D:10     | Entered Level 10 of the Dungeon
  9811 | D:10     | Noticed Fannar
  9829 | D:10     | Killed Fannar
 10045 | D:10     | Reached **** piety under Hepliaklqana
 10473 | D:10     | Found a staircase to the Lair.
 10572 | D:11     | Noticed a cyan ugly thing
 10580 | D:11     | Killed a cyan ugly thing
 10637 | D:11     | Noticed a white ugly thing
 10645 | D:11     | Killed a white ugly thing
 11285 | D:11     | Noticed a two-headed ogre
 11293 | D:11     | Killed a two-headed ogre
 11293 | D:11     | Reached XP level 12. HP: 58/80 MP: 25/25
 11787 | D:11     | Reached skill level 10 in Spellcasting
 11810 | D:11     | Found a staircase to the Orcish Mines.
 11863 | Orc:1    | Entered Level 1 of the Orcish Mines
 12434 | Orc:1    | Found a runed translucent gate.
 12434 | Orc:1    | Found a runed translucent gate.
 12434 | Orc:1    | Found a runed translucent gate.
 12435 | Orc:1    | Noticed Sveporus's ghost (journeyman MiMo)
 12435 | Orc:1    | Noticed Sassenached's ghost (journeyman DsWn)
 12748 | Orc:2    | Entered Level 2 of the Orcish Mines
 12763 | Orc:2    | Noticed Maurice
 12771 | Orc:2    | Killed Maurice
 13249 | Orc:2    | Found a roughly hewn altar of Beogh.
 13275 | Orc:2    | Noticed a two-headed ogre
 13275 | Orc:2    | Noticed a two-headed ogre
 13280 | Orc:2    | Noticed a two-headed ogre
 13283 | Orc:2    | Killed a two-headed ogre
 13284 | Orc:2    | Noticed an ogre mage
 13285 | Orc:2    | Noticed a two-headed ogre
 13286 | Orc:2    | Killed a two-headed ogre
 13291 | Orc:2    | Killed a two-headed ogre
 13292 | Orc:2    | Noticed a two-headed ogre
 13292 | Orc:2    | Noticed an ogre mage
 13293 | Orc:2    | Noticed a two-headed ogre
 13296 | Orc:2    | Killed a two-headed ogre
 13300 | Orc:2    | Killed an ogre mage
 13301 | Orc:2    | Noticed a two-headed ogre
 13304 | Orc:2    | Noticed a two-headed ogre
 13305 | Orc:2    | Killed a two-headed ogre
 13314 | Orc:2    | Noticed an ogre mage
 13317 | Orc:2    | Noticed a two-headed ogre
 13320 | Orc:2    | Killed a two-headed ogre
 13324 | Orc:2    | Noticed a two-headed ogre
 13328 | Orc:2    | Killed a two-headed ogre
 13334 | Orc:2    | Found Viadghoroth's Weapon Shoppe.
 13334 | Orc:2    | Found Reomehal's Armour Boutique.
 13334 | Orc:2    | Found Fiwk's General Store.
 13334 | Orc:2    | Found Qebai's Armour Shoppe.
 13335 | Orc:2    | Noticed a two-headed ogre
 13649 | Orc:2    | Killed a two-headed ogre
 13652 | Orc:2    | Killed an ogre mage
 13652 | Orc:2    | Reached XP level 13. HP: 53/88 MP: 26/27
 13663 | Orc:2    | Paralysed by an ogre mage for 4 turns
 14014 | Orc:2    | Killed an ogre mage
 14122 | Orc:2    | Bought a potion of heal wounds for 75 gold pieces
 14122 | Orc:2    | Bought the cursed +0 dagger "Xabbighe" {speed, rPois rF+
                  | rC++ Dex-2} for 517 gold pieces
 14136 | Orc:2    | Found a staircase to the Elven Halls.
 14164 | Orc:2    | Noticed an ogre mage
 14172 | Orc:2    | Paralysed by an ogre mage for 3 turns
 14176 | Orc:2    | Killed an ogre mage
 14467 | Lair:1   | Entered Level 1 of the Lair of Beasts
 14647 | Lair:1   | Reached ***** piety under Hepliaklqana
 14841 | Lair:1   | Found a sparkling altar of Nemelex Xobeh.
 15135 | Lair:2   | Found a staircase to the Swamp.
 15216 | Lair:2   | Lost mutation: You can translocate small distances at will.
                  | [potion of mutation]
 15216 | Lair:2   | Lost mutation: You are partially covered in molten scales.
                  | (AC +2) [potion of mutation]
 15216 | Lair:2   | Gained mutation: You are weak. (Str -2) [potion of
                  | mutation]
 15216 | Lair:2   | Lost mutation: You are weak. (Str -2) [potion of mutation]
 15216 | Lair:2   | Gained mutation: Your spells are a little easier to cast,
                  | but a little less powerful. [potion of mutation]
 15216 | Lair:2   | Gained mutation: You have a pair of small horns on your
                  | head. [potion of mutation]
 15408 | Lair:2   | Reached skill level 10 in Summonings
 16220 | Lair:3   | Reached skill level 11 in Spellcasting
 16497 | Lair:3   | Found a hole to the Spider Nest.
 16649 | Spider:1 | Entered Level 1 of the Spider Nest
 16704 | Lair:4   | Reached XP level 14. HP: 65/95 MP: 29/29
 16819 | Lair:4   | Noticed Sonja
 16826 | Lair:4   | Killed Sonja
 17435 | Lair:5   | Reached ****** piety under Hepliaklqana
 17485 | Lair:5   | Found a transporter.
 17485 | Lair:5   | Noticed Feisk's ghost (journeyman MiBe)
 17806 | Lair:5   | Found a transporter.
 17853 | Lair:5   | Found a staircase to the Slime Pits.
 18149 | Slime:1  | Entered Level 1 of the Pits of Slime
 18165 | Lair:6   | Entered Level 6 of the Lair of Beasts
 18499 | Lair:6   | Noticed Kirke
 18521 | Lair:6   | Killed Kirke
 18521 | Lair:6   | Reached skill level 10 in Invocations
 19145 | Lair:6   | Noticed a dire elephant
 19145 | Lair:6   | Noticed a dire elephant
 19155 | Lair:6   | Killed a dire elephant
 19160 | Lair:6   | Killed a dire elephant
 19390 | Lair:6   | Noticed a dire elephant
 19395 | Lair:6   | Noticed a dire elephant
 19420 | Lair:6   | Killed a dire elephant
 19424 | Lair:6   | Killed a dire elephant
 19472 | Lair:6   | Noticed a dire elephant
 19489 | Lair:6   | Killed a dire elephant
 19689 | Swamp:1  | Entered Level 1 of the Swamp
 19817 | Swamp:1  | Reached XP level 15. HP: 28/102 MP: 7/30
 19848 | Swamp:1  | HP: 3/102 [tyrant leech (15)]
 20211 | Swamp:1  | Reached skill level 10 in Shields
 20643 | Swamp:1  | Reached skill level 10 in Stealth
 21385 | Swamp:2  | Got a crude whip
 21387 | Swamp:2  | Identified the cursed +1 whip of Reapportionment {freeze,
                  | rN+ Int+2 Dex+2} (You found it on level 2 of the Swamp)
 21512 | Swamp:2  | Noticed Aizul
 21527 | Swamp:2  | Killed Aizul
 21605 | Swamp:2  | Noticed a thorn hunter
 21978 | Swamp:2  | Reached skill level 12 in Spellcasting
 22483 | D:12     | Reached skill level 10 in Fighting
 22483 | D:12     | Reached skill level 10 in Short Blades
 22483 | D:12     | Reached skill level 10 in Long Blades
 22483 | D:12     | Reached skill level 10 in Axes
 22483 | D:12     | Reached skill level 10 in Maces & Flails
 22483 | D:12     | Reached skill level 10 in Polearms
 22483 | D:12     | Reached skill level 10 in Staves
 22483 | D:12     | Reached skill level 10 in Slings
 22483 | D:12     | Reached skill level 10 in Bows
 22483 | D:12     | Reached skill level 10 in Crossbows
 22483 | D:12     | Reached skill level 10 in Throwing
 22483 | D:12     | Reached skill level 10 in Armour
 22483 | D:12     | Reached skill level 10 in Dodging
 22483 | D:12     | Reached skill level 10 in Unarmed Combat
 22483 | D:12     | Reached skill level 10 in Evocations
 23229 | D:13     | Learned a level 3 spell: Inner Flame
 23234 | D:13     | Learned a level 4 spell: Sticky Flame
 23259 | D:13     | Learned a level 4 spell: Summon Ice Beast
 24414 | D:14     | Found Vauzock's Magic Scroll Emporium.
 24416 | D:14     | Bought a scroll of blinking for 120 gold pieces
 24702 | D:14     | Reached XP level 16. HP: 109/109 MP: 32/32
 25277 | D:14     | Identified a scroll of acquirement
 25386 | D:14     | Found Nadghucs's Assorted Antiques.
 25391 | D:14     | Bought a blackened falchion for 160 gold pieces
 25391 | D:14     | Bought a scorched copper amulet for 100 gold pieces
 25391 | D:14     | Bought a scroll of amnesia for 70 gold pieces
 25391 | D:14     | Identified the +11 falchion "Didwewk" {speed, MR+} (You
                  | bought it in a shop on level 14 of the Dungeon)
 25405 | D:14     | Identified the amulet "Dusolyv" {Faith rF+ MR+ Str+3} (You
                  | bought it in a shop on level 14 of the Dungeon)
 25624 | D:14     | Found a gate to the Vaults.
 25816 | D:15     | Entered Level 15 of the Dungeon
 25816 | D:15     | Found Qeceriz's Distillery.
 25825 | D:15     | Bought a potion of heal wounds for 60 gold pieces
 25825 | D:15     | Bought a potion of heal wounds for 60 gold pieces
 25881 | D:15     | Found a frozen archway.
 25889 | IceCv    | Entered an ice cave
 27095 | D:15     | Found a staircase to the Depths.
 27650 | D:15     | Lost mutation: You have a pair of small horns on your head.
                  | [potion of mutation]
 27650 | D:15     | Lost mutation: Your spells are a little easier to cast, but
                  | a little less powerful. [potion of mutation]
 27650 | D:15     | Gained mutation: Your muscles are strong. (Str +2) [potion
                  | of mutation]
 27650 | D:15     | Gained mutation: You are clumsy. (Dex -2) [potion of
                  | mutation]
 27650 | D:15     | Gained mutation: You have a pair of small antennae on your
                  | head. [potion of mutation]
 27830 | Depths:1 | Entered Level 1 of the Depths
 28344 | Swamp:2  | Killed a thorn hunter
 29466 | Swamp:3  | Noticed Louise
 29476 | Swamp:3  | Killed from afar by Louise

Skill      XL: |  1  2  3  4  5  6  7  8  9 10 11 12 13 14 15 16 |
---------------+-------------------------------------------------+-----
Poison Magic   | 2 3 4 5 6 7 8 9 |  9.5
Invocations    | 1 2 3 4 5 6 7 8 9 10 11 | 11.8
Fighting       | 1 2 3 5 6 7 8 9 10 | 10.9
Short Blades   | 1 2 3 5 6 7 8 9 10 | 10.9
Long Blades    | 1 2 3 5 6 7 8 9 10 | 10.9
Axes           | 1 2 3 5 6 7 8 9 10 | 10.9
Maces & Flails | 1 2 3 5 6 7 8 9 10 | 10.9
Polearms       | 1 2 3 5 6 7 8 9 10 | 10.9
Staves         | 1 2 3 5 6 7 8 9 10 | 10.9
Slings         | 1 2 3 5 6 7 8 9 10 | 10.9
Bows           | 1 2 3 5 6 7 8 9 10 | 10.9
Crossbows      | 1 2 3 5 6 7 8 9 10 | 10.9
Throwing       | 1 2 3 5 6 7 8 9 10 | 10.9
Armour         | 1 2 3 5 6 7 8 9 10 | 10.9
Dodging        | 1 2 3 5 6 7 8 9 10 | 10.9
Unarmed Combat | 1 2 3 5 6 7 8 9 10 | 10.9
Evocations     | 1 2 3 5 6 7 8 9 10 | 10.9
Conjurations   | 1 2 3 4 5 6 7 8 9 |  9.3
Hexes          | 1 2 3 4 5 6 7 8 9 |  9.3
Charms         | 1 2 3 4 5 6 7 8 9 |  9.3
Necromancy     | 1 2 3 4 5 6 7 8 9 |  9.3
Translocations | 1 2 3 4 5 6 7 8 9 |  9.3
Transmutations | 1 2 3 4 5 6 7 8 9 |  9.3
Fire Magic     | 1 2 3 4 5 6 7 8 9 |  9.3
Ice Magic      | 1 2 3 4 5 6 7 8 9 |  9.3
Air Magic      | 1 2 3 4 5 6 7 8 9 |  9.3
Earth Magic    | 1 2 3 4 5 6 7 8 9 |  9.3
Shields        | 3 4 5 6 7 8 9 10 11 | 11.2
Stealth        | 3 4 5 6 7 8 9 10 11 | 11.1
Spellcasting   | 8 9 10 11 12 | 12.7
Summonings     | 8 9 10 11 | 11.5

Action                   |  1- 3 |  4- 6 |  7- 9 | 10-12 | 13-15 | 16-18 || total
-------------------------+-------+-------+-------+-------+-------+-------++-------
Melee: Dagger            |    78 |   163 |       |       |       |       ||   241
       Bite              |     9 |    18 |    20 |    63 |   222 |    91 ||   423
       War axe           |       |     9 |    88 |   119 |       |       ||   216
       Punch             |       |     1 |     2 |       |       |       ||     3
       Spear             |       |       |   144 |       |       |       ||   144
       Trident           |       |       |    10 |       |       |       ||    10
       Rapier            |       |       |       |   277 |   970 |    38 ||  1285
       Headbutt          |       |       |       |       |   348 |   157 ||   505
       Unarmed           |       |       |       |       |     5 |       ||     5
       Falchion          |       |       |       |       |       |   364 ||   364
Throw: Throwing net      |       |       |       |     1 |     1 |       ||     2
 Cast: Magic Dart        |   100 |    20 |    22 |     9 |       |       ||   151
       Summon Small Mamm |     6 |       |       |       |       |       ||     6
       Poisonous Vapours |     7 |    29 |    26 |    73 |    69 |    13 ||   217
       Call Canine Famil |       |     8 |     9 |    13 |    20 |       ||    50
       Mephitic Cloud    |       |     1 |     6 |     5 |     9 |     1 ||    22
       Conjure Flame     |       |     1 |     4 |     6 |    25 |     1 ||    37
       Blink             |       |       |     1 |       |       |       ||     1
       Swiftness         |       |       |     1 |     2 |     1 |       ||     4
       Summon Ice Beast  |       |       |       |       |    17 |    42 ||    59
       Sticky Flame      |       |       |       |       |     6 |    33 ||    39
       Inner Flame       |       |       |       |       |     2 |     3 ||     5
Invok: Ancestor Life: Ba |       |       |       |     1 |       |       ||     1
       Recall Ancestor   |       |       |       |     1 |       |       ||     1
Evoke: Wand              |       |       |       |       |    21 |     6 ||    27
  Use: Scroll            |     2 |     7 |    10 |     4 |    17 |     9 ||    49
       Potion            |       |     2 |     3 |     2 |     5 |     5 ||    17
 Stab: Sleeping          |     1 |     3 |     3 |       |     2 |     1 ||    10
       Distracted        |       |     1 |     4 |     3 |    23 |     8 ||    39
       Confused          |       |       |       |     5 |     4 |       ||     9
  Eat: Chunk             |     1 |     7 |    10 |    14 |    18 |     6 ||    56
       Ration            |     1 |       |     1 |     1 |     5 |     3 ||    11
Armor: Robe              |    49 |    56 |     7 |       |       |       ||   112
       Skin              |       |     9 |       |       |       |       ||     9
       Ring mail         |       |       |    61 |       |       |       ||    61
       Chain mail        |       |       |    43 |   229 |   418 |   238 ||   928
Dodge: Dodged            |   128 |   128 |   137 |   182 |   480 |   292 ||  1347
Block: Other             |       |       |    20 |       |     1 |       ||    21
       Buckler           |       |       |    15 |   208 |   484 |   181 ||   888
       Reflection        |       |       |     1 |    10 |     8 |     3 ||    22
       Rpst.: Falchion   |       |       |       |       |       |    41 ||    41
